 Dungeon Crawl Stone Soup version 0.24-a0-203-gf0bc1e9 (webtiles) character file.

Game seed: 17083312618478817995

3088 Borgoz the Cutter (level 9, -6/61 HPs)
             Began as a Demonspawn Berserker on Mar 26, 2019.
             Was a High Priest of Trog.
             Mangled by a wolf (9 damage)
             ... led by Grum
             ... on level 7 of the Dungeon.
             The game lasted 00:15:25 (6672 turns).

Borgoz the Cutter (Demonspawn Berserker)            Turns: 6672, Time: 00:15:25

Health: -6/61      AC:  5    Str: 19    XL:     9   Next: 59%
Magic:  0/9        EV: 15    Int:  8    God:    Trog [*****.]
Gold:   378        SH:  4    Dex: 15    Spells: 8/8 levels left

rFire    . . .     SeeInvis .   b - +2 dagger (elec)
rCold    . . .     Gourm    .   (no shield)
rNeg     . . .     Faith    .   w - +0 leather armour {MR+}
rPois    .         Spirit   +   (no helmet)
rElec    .         Reflect  .   (no cloak)
rCorr    .         Harm     .   (no gloves)
MR       +....                  (no boots)
Stlth    ++........             f - amulet of rage
HPRegen  0.20/turn              h - +2 ring of protection
MPRegen  0.11/turn              (no ring)

@: no status effects
A: talons 1, large bone plates 1, frail 1, mutation resistance 1, powered by
death 2, magic shield
a: Berserk, Trog's Hand, Brothers in Arms, Renounce Religion, Evoke Berserk Rage


You were on level 7 of the Dungeon.
You worshipped Trog.
Trog was extremely pleased with you.
You were hungry.

You visited 1 branch of the dungeon, and saw 8 of its levels.

You collected 428 gold pieces.
You spent 50 gold pieces at shops.

Inventory:

Hand Weapons
 a - a +1 dagger of venom
 b - a +2 dagger of electrocution (weapon)
 t - a +2 dagger of pain
 y - a +0 rapier
Missiles
 q - 5 tomahawks (quivered)
Armour
 l - a +1 leather armour of positive energy
 v - the cursed +1 ring mail of Joy {rC+ Int+3 Stlth-}
   (You took it off an orc on level 7 of the Dungeon)

   It affects your intelligence (+3).
   It protects you from cold.
   It makes you less stealthy.
   It has a curse placed upon it.
 w - a +0 leather armour of magic resistance (worn)
Jewellery
 f - an amulet of rage (around neck)
 h - a +2 ring of protection (left hand)
 i - an uncursed ring of fire
 p - an uncursed ring of flight
Wands
 d - a wand of acid (13)
 k - a wand of random effects (12)
 A - a wand of flame (26)
Scrolls
 m - 5 scrolls of remove curse
 n - a scroll of noise {unknown}
 o - 3 scrolls of magic mapping
 r - 4 scrolls of enchant armour
 s - 2 scrolls of amnesia {unknown}
 x - a scroll of teleportation
 B - a scroll of vulnerability {unknown}
 C - a scroll of immolation {unknown}
Potions
 e - a potion of flight
 g - 2 potions of brilliance
Comestibles
 c - 9 rations


   Skills:
 + Level 5.4 Fighting
 * Level 6.5 Short Blades
 + Level 3.8 Throwing
 * Level 6.0 Armour
 * Level 6.0 Dodging
 + Level 4.1 Stealth
 + Level 0.6 Evocations


You had 8 spell levels left.
You didn't know any spells.
Your spell library was empty.

Dungeon Overview and Level Annotations

Branches:
Dungeon (8/15)             Temple (0/1) D:6
   Lair: D:8-11

Altars:

Shops:
D:4 ?   D:7 :

Annotations:
D:8 Grum


Innate Abilities, Weirdness & Mutations

You have sharp toenails.
You are partially covered in large bone plates. (SH +4)
You regenerate health from kills.
When hurt, damage is shared between your health and your magic reserves.
You are frail. (-10% HP)
You are somewhat resistant to further mutation.


Message History

* * * LOW HITPOINT WARNING * * *
The wolf barely misses you.
Okay, then.
You hit the wolf.
You kill the wolf!
Trog accepts your kill.
Your Armour skill increases to level 6!
Your Dodging skill increases to level 6!
The wolf barely misses you. The wolf closely misses you.
You closely miss the wolf. You claw the wolf.
The wolf is lightly wounded.
The wolf bites you.
* * * LOW HITPOINT WARNING * * *
You hit the wolf. You claw the wolf, but do no damage.
The wolf is moderately wounded.
The wolf misses you.
You barely miss the wolf. Your kick misses the wolf.
The wolf is moderately wounded.
The wolf bites you!
You die...

.........#.##..#...........# #...
...#####...###.............# #.(.
.#.# #.....# #...#.........# #...
...# #.###.# ##..#.........# #...
######.###.####..#.........# #...
#............#..#.........# #...
#....(.......#..#.###########...
#.............h...##............
#............##@..##............
#............###†..............#
##............###...............#
#...........##.....##...........#
#...........##.###.##...........#
#..)........##.###.##...........#
(............♣..................#
...........♣.∩.♣.....############
............#♣.......#


You could see a wolf.

Vanquished Creatures
  Pikel (D:5)
  A hippogriff (D:7)
  Duvessa (D:4)
  2 orc warriors (D:6)
  An ice beast (D:8)
  A black bear (D:6)
  2 phantoms (D:7)
  4 slaves
  An ogre (D:8)
  2 wolves
  4 centaurs
  A bullfrog (D:6)
  A big kobold (D:8)
  Dowan (D:4)
  3 scorpions
  A howler monkey (D:6)
  A crimson imp (D:7)
  5 hounds
  4 orc priests
  6 worker ants
  Jessica (D:2)
  4 orc wizards
  2 iguanas
  A hound skeleton (D:4)
  4 adders
  2 howler monkey skeletons
  2 shadow imps
  An adder skeleton (D:5)
  2 worms (D:3)
  5 dart slugs
  10 leopard geckos
  12 orcs
  8 bats
  10 giant cockroaches
  10 hobgoblins
  14 jackals
  8 kobolds
  4 quokkas
  4 ball pythons
  6 frilled lizards
  9 goblins
  A jackal skeleton (D:4)
  A leopard gecko zombie (D:6)
  4 rats
168 creatures vanquished.

Notes
Turn   | Place    | Note
-------+----------+-------------------------------------------
     0 | D:1      | Borgoz the Demonspawn Berserker began the quest for the
                  | Orb.
     0 | D:1      | Reached XP level 1. HP: 18/18 MP: 1/1
   122 | D:1      | Gained mutation: You are partially covered in large bone
                  | plates. (SH +4) [demonic ancestry]
   122 | D:1      | Reached XP level 2. HP: 24/24 MP: 2/2
   445 | D:1      | Gained mutation: When hurt, damage is shared between your
                  | health and your magic reserves. [demonic ancestry]
   445 | D:1      | Reached XP level 3. HP: 24/29 MP: 3/3
   512 | D:1      | Reached ** piety under Trog
  1048 | D:2      | Noticed Jessica
  1053 | D:2      | Killed Jessica
  1055 | D:2      | Gained mutation: You have sharp toenails. [demonic
                  | ancestry]
  1055 | D:2      | Reached XP level 4. HP: 34/35 MP: 4/4
  1644 | D:3      | Reached skill level 1 in Throwing
  1774 | D:3      | Reached skill level 1 in Stealth
  1804 | D:3      | Reached *** piety under Trog
  2034 | D:3      | Reached XP level 5. HP: 26/41 MP: 1/5
  3014 | D:4      | Noticed Duvessa
  3014 | D:4      | Noticed Dowan
  3029 | D:4      | Killed Duvessa
  3029 | D:4      | Reached XP level 6. HP: 23/48 MP: 1/6
  3036 | D:4      | Killed Dowan
  3359 | D:4      | Found Dapluesm's Magic Scroll Emporium.
  3368 | D:4      | Bought a scroll of identify for 20 gold pieces
  3368 | D:4      | Bought a scroll of teleportation for 30 gold pieces
  3375 | D:4      | Gained mutation: You are frail. (-10% HP) [potion of
                  | mutation]
  3375 | D:4      | Gained mutation: You are somewhat resistant to further
                  | mutation. [potion of mutation]
  3536 | D:5      | Entered Level 5 of the Dungeon
  3562 | D:5      | Gained mutation: You regenerate a little health from kills.
                  | [demonic ancestry]
  3562 | D:5      | Reached XP level 7. HP: 32/47 MP: 4/7
  3765 | D:5      | Reached **** piety under Trog
  4006 | D:6      | Noticed Pikel
  4247 | D:6      | HP: 1/48 [Pikel/+0 whip of electrocution (4)]
  4257 | D:5      | Killed Pikel
  4257 | D:5      | Reached skill level 5 in Short Blades
  4257 | D:5      | Gained mutation: You regenerate health from kills. [demonic
                  | ancestry]
  4257 | D:5      | Reached XP level 8. HP: 11/54 MP: 0/8
  4895 | D:6      | Reached skill level 5 in Dodging
  4901 | D:6      | Reached skill level 5 in Armour
  5063 | D:6      | Found a staircase to the Ecumenical Temple.
  5125 | D:5      | Noticed a rust devil
  5125 | D:5      | Noticed a rust devil
  5295 | D:6      | Reached skill level 5 in Fighting
  5295 | D:6      | Reached XP level 9. HP: 35/61 MP: 5/9
  5735 | D:7      | Identified the cursed +1 ring mail of Joy {rC+ Int+3
                  | Stlth-}
  6179 | D:7      | Found Xiexzom's Book Shop.
  6384 | D:7      | Reached ***** piety under Trog
  6621 | D:8      | Noticed Grum
  6670 | D:7      | HP: 3/61 [wolf[Grum] (4)]
  6672 | D:7      | Mangled by a wolf

Levels and vault maps discovered:
D:1:      dpeg_chamrin_arrival_tetris, layout_loops_ring, fountainhead,
          minmay_box_of_dots
D:2:      layout_loops_ring, uniq_jessica
D:3:      layout_basic
D:4:      layout_basic, serial_shops, nicolae_shop_crystal, first_ration,
          uniq_duvessa
D:5:      cheibrodos_iron_armory, layout_cave_pools
D:6:      layout_cave_pods, minmay_temple_entry_from_below_a, uniq_pikel
D:7:      layout_basic, serial_shops, nicolae_shop_trees
D:8:      layout_loops_corners, serial_shops, nicolae_shop_crystal,
          hangedman_ranch [blue_anna_fruit_fields], st_stairs_7, zaba_anthell,
          uniq_grum

Skill      XL: |  1  2  3  4  5  6  7  8  9 |
---------------+----------------------------+-----
Armour         | 2 3 4 5 6 |  6.0
Dodging        | 2 3 4 5 6 |  6.0
Short Blades   | 3 4 5 6 |  6.5
Throwing       | 1 2 3 |  3.8
Stealth        | 1 2 3 4 |  4.1
Fighting       | 4 5 |  5.4
Evocations     | |  0.6

Action                   |  1- 3 |  4- 6 |  7- 9 || total
-------------------------+-------+-------+-------++-------
Melee: Short sword       |    39 |       |       ||    39
       Dagger            |    62 |   176 |   392 ||   630
       Kick              |       |    48 |   135 ||   183
Invok: Berserk           |     1 |       |       ||     1
  Use: Potion            |       |     3 |     8 ||    11
       Scroll            |       |     5 |     6 ||    11
 Stab: Sleeping          |       |     3 |     2 ||     5
  Eat: Chunk             |     1 |     8 |    10 ||    19
Armor: Animal skin       |     7 |       |       ||     7
       Ring mail         |    30 |    37 |       ||    67
       Leather armour    |       |    20 |    64 ||    84
Dodge: Dodged            |    60 |   104 |   232 ||   396
Block: Other             |    14 |    25 |    53 ||    92

Table legend:
 A = Non-vault XP
 B = Vault XP
 C = Vault XP percentage of total XP
 D = Non-vault monster count
 E = Vault monster count
 F = Vault count percentage of total count
                 A         B        C        D         E       F
            +---------+---------+-------+---------+---------+-------
      Total |    2885 |    1527 |  34.6 |     151 |      13 |   7.9
            +---------+---------+-------+---------+---------+-------
        D:1 |      47 |       5 |   9.6 |      25 |       4 |  13.8
        D:2 |      57 |      37 |  39.4 |      21 |       1 |   4.5
        D:3 |     122 |       0 |   0.0 |      27 |       0 |   0.0
        D:4 |     136 |     225 |  62.3 |       7 |       2 |  22.2
        D:5 |     578 |     663 |  53.4 |      22 |       1 |   4.3
        D:6 |     786 |     271 |  25.6 |      25 |       2 |   7.4
        D:7 |     875 |     119 |  12.0 |      21 |       1 |   4.5
        D:8 |     284 |     207 |  42.2 |       3 |       2 |  40.0
            +---------+---------+-------+---------+---------+-------
